[Event "Turkish Youth Championships 2023"]
[Site "Samsun"]
[Date "2023.05.24"]
[Round "8.11"]
[White "Sahbudak, Baris Cinar"]
[Black "Ozgun, Yigit Deniz"]
[Result "1-0"]
[WhiteElo "1603"]
[BlackElo "1747"]
[PlyCount "93"]
[EventDate "2023.05.19"]
[EventType "swiss"]
[EventCountry "TUR"]
[TimeControl "5400+30"]
[BlackClock "0:51:00"]

1. e4 Nf6 2. e5 Nd5 3. c4 Nb6 4. d4 d6 5. f4 dxe5 6. fxe5 Nc6 7. Be3 Bf5 8. Nc3 e6 9. Nf3 Bg4 10. Be2 Qd7 11. Qd2 Bb4 12. a3 Be7 13. b4 Rd8 14. Rd1 Bxf3 15. gxf3 Bh4+ 16. Kf1 f6 17. f4 fxe5 18. fxe5 Nxe5 19. dxe5 Qf7+ 20. Kg2 Rxd2 21. Rxd2 O-O 22. Rd4 Be7 23. Rg1 Qf5 24. Kh1 Qxe5 25. Re4 Qf5 26. Bg4 Bf6 27. Bxf5 exf5 28. Rd4 Bxd4 29. Bxd4 g6 30. Bxb6 axb6 31. Nd5 c6 32. Nxb6 Rd8 33. Re1 Kf7 34. c5 Rd4 35. Nc8 Kf6 36. Nd6 Rd3 37. Nxb7 Rxa3 38. Na5 f4 39. Nxc6 Rb3 40. Rc1 f3 41. Nd4 Rxb4 42. c6 f2 43. Kg2 Rb8 44. c7 Rc8 45. Nb5 Ke7 46. Na7 f1=Q+ 47. Kxf1 1-0

[Event "Turkish Youth Championships 2023"]
[Site "Samsun"]
[Date "2023.05.24"]
[Round "8.12"]
[White "Cakmak, Kursat Kagan"]
[Black "Coskun, Emre"]
[Result "1/2-1/2"]
[WhiteElo "1498"]
[BlackElo "1750"]
[PlyCount "132"]
[EventDate "2023.05.19"]
[EventType "swiss"]
[EventCountry "TUR"]
[TimeControl "5400+30"]
[WhiteClock "0:09:16"]

1. e4 e5 2. Nf3 Nc6 3. Bc4 Bc5 4. c3 Nf6 5. d3 d6 6. Nbd2 h6 7. h3 a6 8. Bb3 Ba7 9. Nf1 Ne7 10. Ng3 c6 11. Nh4 d5 12. Qf3 Qd6 13. Be3 Bxe3 14. fxe3 Be6 15. Nhf5 Nxf5 16. exf5 Bd7 17. Rd1 a5 18. O-O a4 19. Bc2 c5 20. c4 O-O 21. Nh5 Nxh5 22. Qxh5 f6 23. Qg4 Bc6 24. d4 dxc4 25. dxe5 Qxe5 26. Qxc4+ Kh8 27. Qc3 Rfe8 28. Qxe5 Rxe5 29. Kf2 Rae8 30. Rfe1 Be4 31. Bxe4 Rxe4 32. Rd7 Rb4 33. Re2 h5 34. Kf3 h4 35. Rd5 b6 36. e4 Kh7 37. Rd6 b5 38. Rd5 Rc4 39. Rd3 b4 40. b3 axb3 41. axb3 Rc1 42. Kg4 Rc3 43. Rxc3 bxc3 44. Rc2 Rxe4+ 45. Kf3 Re5 46. Kf4 Kg8 47. Rxc3 Kf7 48. Rc2 Ke8 49. Ra2 Re1 50. Rc2 Re5 51. Ra2 Rd5 52. Ra7 Rd7 53. Ra5 Rd5 54. Ra7 Rd4+ 55. Ke3 Rd7 56. Ra5 Rb7 57. Rxc5 Rxb3+ 58. Kf2 Rb2+ 59. Kf3 Rb3+ 60. Kg4 Rg3+ 61. Kxh4 Rxg2 62. Rc7 Kf8 63. Rb7 Kg8 64. Rb8+ Kh7 65. Ra8 Rg5 66. Rh8+ Kxh8 1/2-1/2

[Event "Turkish Youth Championships 2023"]
[Site "Samsun"]
[Date "2023.05.24"]
[Round "8.13"]
[White "Gani, Refik Efe"]
[Black "Atis, Hasan"]
[Result "1/2-1/2"]
[WhiteElo "1526"]
[BlackElo "1890"]
[PlyCount "74"]
[EventDate "2023.05.19"]
[EventType "swiss"]
[EventCountry "TUR"]
[TimeControl "5400+30"]
[WhiteClock "0:09:04"]

1. d4 d5 2. Nf3 Nf6 3. Bf4 c5 4. c3 e6 5. e3 Bd6 6. Nbd2 Qc7 7. Bxd6 Qxd6 8. Ne5 O-O 9. Bd3 b6 10. O-O Ba6 11. Bxa6 Nxa6 12. f4 Ne4 13. Nxe4 dxe4 14. Qa4 Nc7 15. dxc5 Qxc5 16. Qxe4 Nd5 17. Rfe1 Rad8 18. c4 Nf6 19. Qc2 Nd5 20. Qe4 Nf6 21. Qc2 Rd6 22. a3 Rfd8 23. b4 Qc7 24. Rad1 Ne4 25. Rd4 Rxd4 26. exd4 Nd6 27. Rc1 g6 28. g3 f6 29. Ng4 Kg7 30. Ne3 Qb7 31. d5 exd5 32. cxd5 Qe7 33. Qd3 Kf7 34. Rc6 Re8 35. Kf2 Ne4+ 36. Kf3 Qd7 37. Qd4 Nd6 1/2-1/2

[Event "Turkish Youth Championships 2023"]
[Site "Samsun"]
[Date "2023.05.24"]
[Round "8.15"]
[White "Adali, Umut"]
[Black "Turker, Esat Tuna"]
[Result "0-1"]
[WhiteElo "1441"]
[BlackElo "1713"]
[PlyCount "112"]
[EventDate "2023.05.19"]
[EventType "swiss"]
[EventCountry "TUR"]
[TimeControl "5400+30"]
[WhiteClock "0:53:00"]

1. e4 c5 2. Nf3 a6 3. c3 e6 4. d4 d5 5. exd5 exd5 6. Bd3 Nf6 7. O-O cxd4 8. Re1+ Be7 9. Nxd4 O-O 10. Bf4 Nc6 11. Nxc6 bxc6 12. Nd2 Bg4 13. Qc2 Re8 14. h3 Bh5 15. Re5 Bg6 16. Rae1 Qd7 17. Nf3 Ne4 18. Rd1 Qc8 19. Nd2 f6 20. Bxe4 fxe5 21. Bxg6 hxg6 22. Bxe5 Qf5 23. Qxf5 gxf5 24. Nf3 Rac8 25. Nd4 g6 26. g4 fxg4 27. hxg4 Ba3 28. f4 Bxb2 29. Nf3 Ba3 30. Kg2 Bf8 31. f5 gxf5 32. gxf5 Bg7 33. f6 Rxe5 34. Nxe5 Bxf6 35. Ng6 Kf7 36. Nf4 Bxc3 37. Rf1 Bf6 38. Nh5 Rg8+ 39. Kh3 Rg6 40. Rc1 Be5 41. Re1 Bd6 42. Rb1 c5 43. Rb6 Be5 44. Rb7+ Ke6 45. Kh4 Kf5 46. Rd7 d4 47. Rf7+ Ke4 48. Rf1 d3 49. Re1+ Kd4 50. Kh3 d2 51. Rd1 Ke3 52. Kh4 Ke2 53. Rh1 d1=Q 54. Nf4+ Bxf4 55. Re1+ Kxe1 56. Kh3 Qg4# 0-1

[Event "Turkish Youth Championships 2023"]
[Site "Samsun"]
[Date "2023.05.24"]
[Round "8.16"]
[White "Derbentli, Cemil Furkan"]
[Black "Alagoz, Zumra Meryem"]
[Result "0-1"]
[WhiteElo "1486"]
[BlackElo "1699"]
[PlyCount "72"]
[EventDate "2023.05.19"]
[EventType "swiss"]
[EventCountry "TUR"]
[TimeControl "5400+30"]
[WhiteClock "0:20:00"]

1. e4 e6 2. d4 d5 3. exd5 exd5 4. Nf3 Nc6 5. c3 Bd6 6. Bd3 Nge7 7. O-O Bg4 8. Nbd2 Qd7 9. Re1 O-O-O 10. b4 Rde8 11. Qa4 Kb8 12. b5 Nd8 13. Ne5 Bxe5 14. dxe5 Bf5 15. Bf1 Ng6 16. Nf3 Be4 17. Nd4 Nxe5 18. f3 Bg6 19. Be3 b6 20. Rad1 Qc8 21. Bf2 f6 22. Nc6+ Nexc6 23. bxc6 Rxe1 24. Bxe1 Be8 25. Bb5 Qe6 26. c4 Bxc6 27. cxd5 Bxb5 28. Qxb5 Qe8 29. Qc4 Nb7 30. Bg3 Qd7 31. h4 Rd8 32. Rc1 Nd6 33. Qd3 g6 34. Rc6 Ne8 35. Re6 Qxe6 36. Bxc7+ Nxc7 0-1

[Event "Turkish Youth Championships 2023"]
[Site "Samsun"]
[Date "2023.05.24"]
[Round "8.17"]
[White "Cicek, Bilal Emre"]
[Black "Demirkan, Mustafa"]
[Result "1-0"]
[WhiteElo "1600"]
[BlackElo "1207"]
[PlyCount "83"]
[EventDate "2023.05.19"]
[EventType "swiss"]
[EventCountry "TUR"]
[TimeControl "5400+30"]
[BlackClock "0:15:26"]

1. c4 Nf6 2. g3 g6 3. Bg2 Bg7 4. Nc3 c5 5. a3 Nc6 6. Rb1 e6 7. b4 cxb4 8. axb4 d5 9. cxd5 exd5 10. b5 Ne7 11. d4 Bf5 12. Ra1 O-O 13. e3 Qd7 14. Nge2 Rfc8 15. O-O Rc4 16. Qb3 Be6 17. Bd2 Ne4 18. Qb2 f5 19. Ra3 Bf8 20. Rfa1 Nc8 21. R3a2 b6 22. Nf4 Bf7 23. Bf1 Rc7 24. Ra4 Ne7 25. Nd3 Rac8 26. Ne5 Qd6 27. Nxe4 fxe4 28. Bb4 Qf6 29. R1a2 Ra8 30. Qa1 Nc8 31. Bxf8 Kxf8 32. Bh3 Be6 33. Bxe6 Qxe6 34. Ra6 Qe7 35. Qb1 Nd6 36. Rxb6 Rac8 37. Rc6 Rb8 38. Qc2 Rbb7 39. Rb2 Ke8 40. Qc5 Nc4 41. Nxc4 Qxc5 42. Rxc5 1-0

[Event "Turkish Youth Championships 2023"]
[Site "Samsun"]
[Date "2023.05.24"]
[Round "8.18"]
[White "Aydogdu, Cagatay"]
[Black "Tonoglu, Engin Erdem"]
[Result "1/2-1/2"]
[WhiteElo "1856"]
[BlackElo "1404"]
[PlyCount "74"]
[EventDate "2023.05.19"]
[EventType "swiss"]
[EventCountry "TUR"]
[TimeControl "5400+30"]
[WhiteClock "0:56:00"]

1. e4 c5 2. Nf3 Nc6 3. c4 e5 4. Nc3 g6 5. d3 Bg7 6. Bg5 f6 7. Be3 d6 8. Qd2 Be6 9. a3 Nge7 10. Nd5 Bxd5 11. cxd5 Nd4 12. Nxd4 cxd4 13. Bh6 O-O 14. Bxg7 Kxg7 15. h4 h6 16. f4 f5 17. fxe5 dxe5 18. Be2 Rc8 19. O-O Qd6 20. h5 g5 21. Rf2 Rc7 22. Raf1 Rfc8 23. Bd1 b6 24. Bb3 a5 25. exf5 Kf6 26. Re2 Nxd5 27. Bxd5 Qxd5 28. Rfe1 Re7 29. Rc1 Rec7 30. Ree1 Rxc1 31. Rxc1 Rxc1+ 32. Qxc1 Qc5 33. Qxc5 bxc5 34. g4 e4 35. dxe4 c4 36. Kf2 a4 37. Ke2 d3+ 1/2-1/2

[Event "Turkish Youth Championships 2023"]
[Site "Samsun"]
[Date "2023.05.24"]
[Round "8.19"]
[White "Yildiz, Elif Zeren"]
[Black "Anakok, Deniz"]
[Result "1-0"]
[WhiteElo "1722"]
[BlackElo "1448"]
[PlyCount "133"]
[EventDate "2023.05.19"]
[EventType "swiss"]
[EventCountry "TUR"]
[TimeControl "5400+30"]
[BlackClock "0:00:02"]

1. e4 c5 2. Nf3 Nc6 3. d4 cxd4 4. Nxd4 e6 5. Nc3 Qc7 6. g3 a6 7. a4 Nf6 8. Bg2 Bc5 9. Nxc6 dxc6 10. O-O e5 11. h3 O-O 12. Bg5 Be7 13. g4 Be6 14. Qf3 b5 15. Ne2 h6 16. Be3 Bc4 17. Rfc1 Bxe2 18. Qxe2 Nh7 19. axb5 axb5 20. c4 b4 21. c5 Qb7 22. Qc4 Bg5 23. Qb3 Bxe3 24. Qxe3 Ng5 25. Qg3 Qc7 26. Qb3 Qb7 27. Qg3 Rxa1 28. Rxa1 Qb8 29. Qe3 Ne6 30. Ra6 Qb5 31. Bf1 Qxc5 32. Qxc5 Nxc5 33. Rxc6 Nxe4 34. Rc4 Nd2 35. Rxb4 Nxf1 36. Kxf1 Rd8 37. Ke2 Kh7 38. Rb7 f6 39. b4 Kg6 40. b5 Rd6 41. Ke3 Kh7 42. Rc7 Rb6 43. Rc5 Kg6 44. h4 Kf7 45. Kd3 Ke6 46. Kc4 Kd7 47. Rd5+ Kc7 48. Rd1 Re6 49. Ra1 Kb7 50. Kd5 Rb6 51. Ra5 Kb8 52. h5 Kb7 53. f3 Kb8 54. Kc5 Kb7 55. Ra4 Re6 56. Re4 Re8 57. Rc4 Rd8 58. Kb4 Rd3 59. Rc3 Rd4+ 60. Kc5 Rd8 61. Rb3 Rd4 62. Ra3 Rd8 63. b6 Rc8+ 64. Kb5 Rg8 65. Ra7+ Kb8 66. Ka6 Re8 67. Rxg7 1-0

[Event "Turkish Youth Championships 2023"]
[Site "Samsun"]
[Date "2023.05.24"]
[Round "8.20"]
[White "Binboga, Yaman"]
[Black "Simsek, Ayaz"]
[Result "1-0"]
[WhiteElo "1653"]
[BlackElo "1474"]
[PlyCount "91"]
[EventDate "2023.05.19"]
[EventType "swiss"]
[EventCountry "TUR"]
[TimeControl "5400+30"]
[BlackClock "0:34:00"]

1. e4 e6 2. d4 d5 3. Nc3 Bb4 4. e5 c5 5. Bd2 a6 6. Qg4 Kf8 7. dxc5 Nc6 8. Nf3 Bxc5 9. Bd3 Nge7 10. O-O Ng6 11. Rfe1 b5 12. h4 Qb6 13. Qg3 Nb4 14. h5 Ne7 15. h6 g6 16. Nh4 Bb7 17. Bg5 Ke8 18. Bf6 Rg8 19. a3 Nxd3 20. cxd3 Kd7 21. Ne2 a5 22. Red1 Nc6 23. Nf3 b4 24. d4 Be7 25. Qf4 Ba6 26. Ng3 Rge8 27. Ng5 Bxf6 28. exf6 Nd8 29. Nxh7 Rh8 30. Ng5 Qd6 31. Qxd6+ Kxd6 32. axb4 axb4 33. Ra4 Rxh6 34. Rda1 Rh4 35. Rxa6+ Rxa6 36. Rxa6+ Kc7 37. Ra7+ Kb6 38. Rd7 Nc6 39. Rxf7 Nxd4 40. Re7 Rf4 41. Nxe6 Nxe6 42. Rxe6+ Kc5 43. Ne2 Rf5 44. g4 Rg5 45. f7 Rxg4+ 46. Kf1 1-0

[Event "Turkish Youth Championships 2023"]
[Site "Samsun"]
[Date "2023.05.25"]
[Round "9.1"]
[White "Tarlabasi, Emirhan"]
[Black "Isik, Alparslan"]
[Result "1/2-1/2"]
[WhiteElo "2300"]
[BlackElo "2451"]
[PlyCount "54"]
[EventDate "2023.05.19"]
[EventType "swiss"]
[EventCountry "TUR"]
[TimeControl "5400+30"]
[WhiteClock "0:54:00"]

1. d4 Nf6 2. c4 e6 3. Nf3 b6 4. g3 Ba6 5. b3 Bb4+ 6. Bd2 Be7 7. Bg2 c6 8. Bc3 d5 9. Nbd2 Nbd7 10. O-O O-O 11. Re1 c5 12. cxd5 Nxd5 13. Bb2 Rc8 14. Rc1 Bb7 15. a3 cxd4 16. Nxd4 Rxc1 17. Qxc1 Qa8 18. Qb1 N5f6 19. Bxb7 Qxb7 20. Rc1 Rc8 21. Rxc8+ Qxc8 22. Qc1 Qxc1+ 23. Bxc1 a6 24. Kg2 Kf8 25. Kg1 Kg8 26. Kg2 Kf8 27. Kg1 Kg8 1/2-1/2

[Event "Turkish Youth Championships 2023"]
[Site "Samsun"]
[Date "2023.05.25"]
[Round "9.2"]
[White "Akbas, Umut Ata"]
[Black "Angun, Batu"]
[Result "1-0"]
[WhiteElo "2417"]
[BlackElo "2205"]
[PlyCount "77"]
[EventDate "2023.05.19"]
[EventType "swiss"]
[EventCountry "TUR"]
[TimeControl "5400+30"]
[BlackClock "0:22:00"]

1. e4 c5 2. Nf3 d6 3. d4 cxd4 4. Nxd4 Nf6 5. Nc3 e5 6. Nb3 Be6 7. f3 d5 8. exd5 Nxd5 9. Nxd5 Bxd5 10. Be3 Nc6 11. Qd2 Bb4 12. c3 Be7 13. O-O-O Be6 14. Qxd8+ Rxd8 15. Bb5 O-O 16. Nc5 Bc8 17. b4 h6 18. a4 Bg5 19. Bxg5 hxg5 20. a5 a6 21. Bxc6 bxc6 22. c4 g4 23. Rxd8 Rxd8 24. Rd1 Rxd1+ 25. Kxd1 gxf3 26. gxf3 Kh7 27. Kc2 Kg6 28. Kb3 Kf5 29. Ka4 Kf4 30. b5 cxb5+ 31. cxb5 axb5+ 32. Kxb5 Kxf3 33. Kb6 e4 34. Kc7 Bf5 35. a6 e3 36. a7 Be4 37. Nxe4 e2 38. Nd2+ Kf2 39. Nf3 1-0

[Event "Turkish Youth Championships 2023"]
[Site "Samsun"]
[Date "2023.05.25"]
[Round "9.4"]
[White "Engin, Onur Cinar"]
[Black "Temizer, Umut"]
[Result "0-1"]
[WhiteElo "1922"]
[BlackElo "1973"]
[PlyCount "64"]
[EventDate "2023.05.19"]
[EventType "swiss"]
[EventCountry "TUR"]
[TimeControl "5400+30"]
[WhiteClock "0:02:48"]

1. e4 c5 2. c3 d5 3. exd5 Qxd5 4. d4 Nf6 5. Nf3 Nc6 6. Be2 cxd4 7. cxd4 Bf5 8. Nc3 Qa5 9. O-O e6 10. Ne5 Be7 11. Bf3 Rc8 12. Nxc6 bxc6 13. Re1 O-O 14. Bf4 Rfd8 15. Qb3 Rxd4 16. Qb7 Qd8 17. Rad1 Qd7 18. Qxc8+ Qxc8 19. Rxd4 h6 20. h3 Qb7 21. Na4 Nd5 22. Be5 Qb5 23. b3 Nb4 24. Nc3 Qa5 25. Re2 Bc5 26. Rh4 Nd3 27. Ra4 Bxf2+ 28. Kf1 Qb6 29. Rc4 Nxe5 30. Rxe5 Bg3 31. Rcc5 Bxe5 32. Rxe5 Qd4 0-1

[Event "Turkish Youth Championships 2023"]
[Site "Samsun"]
[Date "2023.05.25"]
[Round "9.5"]
[White "Isilak, Enes"]
[Black "Turker, Esat Tuna"]
[Result "1-0"]
[WhiteElo "2181"]
[BlackElo "1713"]
[PlyCount "177"]
[EventDate "2023.05.19"]
[EventType "swiss"]
[EventCountry "TUR"]
[TimeControl "5400+30"]
[BlackClock "0:02:25"]

1. d4 e6 2. c4 b6 3. Nf3 f5 4. g3 Bb7 5. Bg2 Bb4+ 6. Bd2 Bxd2+ 7. Qxd2 Nf6 8. O-O Qe7 9. Nc3 Ne4 10. Qe3 Nxc3 11. Qxc3 d6 12. d5 e5 13. Nh4 O-O 14. f4 e4 15. Bh3 g6 16. Ng2 h5 17. Ne3 Nd7 18. Rfd1 Rfd8 19. Rd2 Rac8 20. Rad1 Nf6 21. Qa3 a5 22. Qb3 Nd7 23. Bg2 Qf6 24. Qc2 Ra8 25. b3 Ba6 26. Rc1 Ra7 27. Qc3 Qxc3 28. Rxc3 Nc5 29. h3 Bc8 30. Nc2 Bd7 31. Nd4 Raa8 32. e3 Kf7 33. Bf1 Ke7 34. Be2 Rh8 35. a3 Rhc8 36. Kg2 c6 37. dxc6 Bxc6 38. g4 hxg4 39. hxg4 Bd7 40. g5 Nb7 41. Rc1 Rh8 42. Rdd1 Rh4 43. Rh1 Rhh8 44. b4 Be6 45. Rb1 Rxh1 46. Rxh1 Bf7 47. Rh7 Rc8 48. Nxf5+ gxf5 49. g6 Rf8 50. Bh5 axb4 51. axb4 Nd8 52. gxf7 Nxf7 53. Kf2 Ke6 54. Ke2 Nd8 55. Kd2 Nc6 56. Kc3 Ne7 57. Bd1 Rc8 58. Rh6+ Kd7 59. Ba4+ Kc7 60. Rh7 Kd8 61. Kd4 Rb8 62. Rh6 Kc7 63. Re6 Nc8 64. Rf6 Ne7 65. Rf7 Kd8 66. Bb5 Rc8 67. Rf6 Kc7 68. Re6 Ng8 69. Kd5 Rf8 70. Kd4 Rf7 71. Re8 Ne7 72. Ra8 Nc8 73. Ba6 Ne7 74. b5 Rg7 75. Ra7+ Kd8 76. Rb7 Rg1 77. Rxb6 Rd1+ 78. Kc3 Rd3+ 79. Kc2 Kd7 80. Rb7+ Ke6 81. b6 Rxe3 82. Rxe7+ Kxe7 83. b7 Re2+ 84. Kc3 Re3+ 85. Kb4 Re1 86. Bb5 e3 87. b8=Q Rb1+ 88. Kc3 e2 89. Qe8+ 1-0

[Event "Turkish Youth Championships 2023"]
[Site "Samsun"]
[Date "2023.05.25"]
[Round "9.6"]
[White "Kavri, Yusuf Eren"]
[Black "Alagoz, Zumra Meryem"]
[Result "1-0"]
[WhiteElo "2029"]
[BlackElo "1699"]
[PlyCount "73"]
[EventDate "2023.05.19"]
[EventType "swiss"]
[EventCountry "TUR"]
[TimeControl "5400+30"]
[BlackClock "0:10:50"]

1. d4 d5 2. c4 c6 3. Nf3 Nf6 4. Nc3 dxc4 5. a4 Bf5 6. Ne5 Na6 7. e3 Nb4 8. Bxc4 e6 9. O-O Bd6 10. Qe2 Nbd5 11. f3 h6 12. e4 Nxc3 13. bxc3 Bh7 14. Nxf7 Kxf7 15. e5 Nd5 16. exd6 Qxd6 17. Ba3 Qd7 18. Rfe1 Rhe8 19. Qd2 b5 20. axb5 cxb5 21. Bb3 a5 22. Bc5 Kg8 23. c4 Nc7 24. cxb5 Nxb5 25. Qe3 Nc7 26. Ba4 Nb5 27. Re2 Reb8 28. Qxe6+ Qxe6 29. Rxe6 Bd3 30. Rc1 Nc7 31. Re3 Rb1 32. Rxb1 Bxb1 33. d5 Ba2 34. d6 Ne6 35. d7 Rb8 36. Be7 Kf7 37. Rxe6 1-0

[Event "Turkish Youth Championships 2023"]
[Site "Samsun"]
[Date "2023.05.25"]
[Round "9.7"]
[White "Eroz, Enis"]
[Black "Cicek, Bilal Emre"]
[Result "1-0"]
[WhiteElo "1830"]
[BlackElo "1600"]
[PlyCount "123"]
[EventDate "2023.05.19"]
[EventType "swiss"]
[EventCountry "TUR"]
[TimeControl "5400+30"]
[BlackClock "0:07:07"]

1. e4 c5 2. Nf3 e6 3. d4 cxd4 4. Nxd4 Nf6 5. Bd3 Nc6 6. Nxc6 bxc6 7. Bf4 d5 8. Nd2 Qb6 9. c4 Ba6 10. O-O Be7 11. exd5 Nxd5 12. cxd5 Bxd3 13. dxe6 Bxf1 14. exf7+ Kf8 15. Qxf1 Qd4 16. g3 Rd8 17. Re1 Qd5 18. Qe2 Qxf7 19. Nc4 Bf6 20. Bd6+ Kg8 21. Bc5 h6 22. b4 Kh7 23. Qe4+ Qg6 24. Qxg6+ Kxg6 25. Re6 Rd1+ 26. Kg2 Rc8 27. Bxa7 Kf7 28. Re2 Ra8 29. Bc5 Ra6 30. Re4 Kg6 31. a3 Kf5 32. f3 Rc1 33. g4+ Kg6 34. Kg3 Rc3 35. h4 Ra8 36. h5+ Kh7 37. Kg2 Rd8 38. a4 Rdd3 39. Ne3 Bg5 40. f4 Bd8 41. Kf3 Rd2 42. Kg3 Rc1 43. Nf5 Ra2 44. Re8 Rc3+ 45. Ne3 Bf6 46. a5 Rd3 47. Re4 Kg8 48. Kf3 Kf7 49. Bb6 Bh4 50. Rc4 Rd6 51. Nf5 Ra3+ 52. Be3 Re6 53. a6 Bd8 54. a7 Bf6 55. Rc2 Ke8 56. b5 Kd7 57. Rd2+ Kc8 58. Nd6+ Rxd6 59. Rxd6 cxb5 60. Rb6 Rxa7 61. Rxf6 Ra3 62. Rb6 1-0

[Event "Turkish Youth Championships 2023"]
[Site "Samsun"]
[Date "2023.05.25"]
[Round "9.11"]
[White "Zengin, Ovgu"]
[Black "Saka, Omer"]
[Result "0-1"]
[WhiteElo "1528"]
[BlackElo "1843"]
[PlyCount "120"]
[EventDate "2023.05.19"]
[EventType "swiss"]
[EventCountry "TUR"]
[TimeControl "5400+30"]
[WhiteClock "0:11:19"]

1. e4 c5 2. Nf3 d6 3. Bb5+ Nd7 4. O-O a6 5. Bd3 Ngf6 6. c3 e6 7. Bc2 b5 8. d4 Bb7 9. Re1 Be7 10. Nbd2 Qc7 11. Nf1 O-O 12. Ng3 cxd4 13. cxd4 Rfc8 14. Bd3 Bf8 15. Be3 g6 16. Qd2 Nb6 17. b3 b4 18. Rac1 Qd8 19. Bg5 Be7 20. Rxc8 Rxc8 21. Rc1 a5 22. Rxc8 Nxc8 23. Qc2 d5 24. e5 Nd7 25. Bxe7 Nxe7 26. h4 Qc8 27. Qxc8+ Bxc8 28. h5 Kg7 29. hxg6 hxg6 30. Ne2 Nb8 31. Ne1 Ba6 32. f4 Nf5 33. Bxa6 Nxa6 34. Kf2 Nc7 35. g4 Ne7 36. Nd3 g5 37. Ke3 gxf4+ 38. Kxf4 Kg6 39. Ne1 Nc6 40. Ng2 Nb5 41. Nh4+ Kh6 42. g5+ Kh5 43. Nf3 Nc3 44. Ng3+ Kg6 45. Nh4+ Kh7 46. g6+ fxg6 47. Nf3 Kg7 48. Ke3 Nxa2 49. Ng5 Nd8 50. Ne2 Kh6 51. Nf3 g5 52. Nh2 Kh5 53. Ng3+ Kg6 54. Ne2 Nc3 55. Nxc3 bxc3 56. Kd3 Kf5 57. Kxc3 Nc6 58. Kd3 Kf4 59. Nf1 g4 60. Ne3 Kf3 0-1

[Event "Turkish Youth Championships 2023"]
[Site "Samsun"]
[Date "2023.05.25"]
[Round "9.12"]
[White "Dogan, Umut Anil"]
[Black "Cakmak, Kursat Kagan"]
[Result "0-1"]
[WhiteElo "1857"]
[BlackElo "1498"]
[PlyCount "108"]
[EventDate "2023.05.19"]
[EventType "swiss"]
[EventCountry "TUR"]
[TimeControl "5400+30"]
[WhiteClock "0:00:40"]

1. d4 d5 2. Nf3 Nf6 3. c4 e6 4. g3 a6 5. Nbd2 dxc4 6. Nxc4 c5 7. Bg2 Nc6 8. Be3 cxd4 9. Nxd4 Bb4+ 10. Kf1 Nxd4 11. Qa4+ Nb5 12. Qxb4 Nd5 13. Qc5 Nxe3+ 14. Nxe3 Qe7 15. Rc1 Qxc5 16. Rxc5 Rb8 17. f4 Ke7 18. Kf2 Bd7 19. Rd1 Rhd8 20. Nc4 b6 21. Re5 Rdc8 22. b3 Nc3 23. Rd2 Bb5 24. Nd6 Rd8 25. Nxb5 axb5 26. Ke1 b4 27. Rc2 Rd1+ 28. Kf2 Ra1 29. g4 Rc8 30. Kg3 Rxa2 31. Rxa2 Nxa2 32. Rb5 Rc3+ 33. Bf3 Rxb3 34. Rxb6 Ra3 35. Rb7+ Kd6 36. Rxf7 b3 37. Rxg7 Nb4 38. Rb7 Kc5 39. Be4 b2+ 40. Kh4 Re3 41. Bxh7 Rxe2 42. h3 Nd5 43. Kg5 e5 44. fxe5 Rxe5+ 45. Kh6 Re6+ 46. Kg5 Nb6 47. h4 Kc6 48. Rb8 Re7 49. Rf8 Rxh7 50. Rf1 Nc4 51. h5 Nd2 52. Rd1 Rg7+ 53. Kf5 Rf7+ 54. Kg6 Rf1 0-1

[Event "Turkish Youth Championships 2023"]
[Site "Samsun"]
[Date "2023.05.25"]
[Round "9.14"]
[White "Atis, Hasan"]
[Black "Engel, Ecrin Tuana"]
[Result "1-0"]
[WhiteElo "1890"]
[BlackElo "1343"]
[PlyCount "75"]
[EventDate "2023.05.19"]
[EventType "swiss"]
[EventCountry "TUR"]
[TimeControl "5400+30"]
[BlackClock "0:00:35"]

1. e4 c5 2. Nf3 Nc6 3. Bb5 e5 4. O-O Bd6 5. c3 a6 6. Bxc6 dxc6 7. d4 cxd4 8. cxd4 Qc7 9. dxe5 Bxe5 10. Nxe5 Qxe5 11. Nd2 Be6 12. Qc2 Nf6 13. Re1 h6 14. Nf3 Qc7 15. b3 O-O-O 16. Bb2 Qe7 17. Rac1 Rhg8 18. Qc3 Ne8 19. Qa5 Qc7 20. Qc5 f6 21. Bc3 Qd6 22. Qa7 Qb8 23. Qe3 Nc7 24. Ba5 Rd7 25. Nd4 Re8 26. Nc2 Rde7 27. Nb4 Bg8 28. Qh3+ Be6 29. Qc3 Qa8 30. Red1 Rd8 31. Qg3 Red7 32. Nd5 Bxd5 33. exd5 Re8 34. dxc6 Rxd1+ 35. Rxd1 Qb8 36. Qg4+ Re6 37. Rd8+ Kxd8 38. Qxe6 1-0

[Event "Turkish Youth Championships 2023"]
[Site "Samsun"]
[Date "2023.05.25"]
[Round "9.15"]
[White "Oner, Cinar"]
[Black "Yildiz, Elif Zeren"]
[Result "0-1"]
[WhiteElo "1436"]
[BlackElo "1722"]
[PlyCount "76"]
[EventDate "2023.05.19"]
[EventType "swiss"]
[EventCountry "TUR"]
[TimeControl "5400+30"]
[WhiteClock "0:51:00"]

1. e4 g6 2. Nf3 Bg7 3. d4 d6 4. h3 a6 5. a4 b6 6. b3 Bb7 7. Bd3 c5 8. Bb2 Nc6 9. Bc4 e6 10. O-O Nge7 11. Bc3 cxd4 12. Nxd4 Nxd4 13. Bxd4 e5 14. Bb2 Bxe4 15. Nc3 Bb7 16. Nd5 O-O 17. b4 Rc8 18. Bb3 Nxd5 19. Bxd5 Bxd5 20. Qxd5 Rxc2 21. Ba3 Qa8 22. Qxd6 Rc6 23. Qd3 Rd8 24. Qe2 Rdc8 25. b5 Rc2 26. Qe3 axb5 27. axb5 Qa5 28. Rfb1 e4 29. Bb2 Rxb2 30. Rxa5 Rxb1+ 31. Kh2 bxa5 32. Qb6 Be5+ 33. g3 Rb8 34. Qxa5 R1xb5 35. Qa4 e3 36. fxe3 Rb2+ 37. Kg1 Rc8 38. Qd1 Ra2 0-1

[Event "Turkish Youth Championships 2023"]
[Site "Samsun"]
[Date "2023.05.25"]
[Round "9.16"]
[White "Topaloglu, Mehmet Utkan"]
[Black "Zerey, Demhat"]
[Result "0-1"]
[WhiteElo "1511"]
[BlackElo "1710"]
[PlyCount "86"]
[EventDate "2023.05.19"]
[EventType "swiss"]
[EventCountry "TUR"]
[TimeControl "5400+30"]
[WhiteClock "0:15:25"]

1. e4 c5 2. c3 d5 3. exd5 Qxd5 4. d4 g6 5. Nf3 Bg7 6. Be3 Nf6 7. dxc5 Qxd1+ 8. Kxd1 Ng4 9. Nbd2 Nxe3+ 10. fxe3 O-O 11. Bb5 Bd7 12. a4 Rc8 13. c6 Nxc6 14. Ke2 Rd8 15. Nd4 Rac8 16. Rad1 Bg4+ 17. N2f3 Na5 18. h3 Bd7 19. Bxd7 Rxd7 20. Nc2 Rxd1 21. Rxd1 Nc4 22. Rb1 f5 23. Nd2 Kf7 24. Nd4 Bh6 25. Nc2 e5 26. Nxc4 Rxc4 27. Rd1 Ke6 28. Nb4 a5 29. Nd5 Rxa4 30. Nc7+ Ke7 31. Nd5+ Kf7 32. Nb6 Re4 33. Rd7+ Ke6 34. Rxb7 Bxe3 35. Nd7 Bc5+ 36. Kd3 Bd6 37. c4 Rd4+ 38. Kc3 Bb4+ 39. Kb3 Rxd7 40. Rb6+ Rd6 41. Rb7 e4 42. Rxh7 e3 43. Rh8 Rd7 0-1

[Event "Turkish Youth Championships 2023"]
[Site "Samsun"]
[Date "2023.05.25"]
[Round "9.17"]
[White "Derbentli, Refik"]
[Black "Binboga, Yaman"]
[Result "0-1"]
[WhiteElo "1453"]
[BlackElo "1653"]
[PlyCount "88"]
[EventDate "2023.05.19"]
[EventType "swiss"]
[EventCountry "TUR"]
[TimeControl "5400+30"]
[WhiteClock "0:10:20"]

1. e4 c5 2. Nf3 d6 3. c3 Nf6 4. h3 Nbd7 5. Bd3 g6 6. Bc2 Bg7 7. O-O O-O 8. d4 e5 9. dxe5 dxe5 10. Qe2 Qc7 11. a4 b6 12. Na3 a6 13. Bg5 Bb7 14. Rad1 h6 15. Bc1 Bc6 16. b4 Rfd8 17. b5 axb5 18. axb5 Bb7 19. Rd2 Nf8 20. Rfd1 Rxd2 21. Rxd2 Ne6 22. Nc4 Nf4 23. Qe1 N6h5 24. Nd6 Bc8 25. Nxc8 Qxc8 26. Kh2 Nxg2 27. Qd1 Ngf4 28. Ng1 Bf8 29. c4 Qe6 30. Bb3 Nf6 31. f3 Be7 32. Ra2 Rxa2+ 33. Bxa2 N6h5 34. Qf1 Bh4 35. Ne2 Nxe2 36. Qxe2 Bg3+ 37. Kg2 Bf4 38. Bd2 Bxd2 39. Qxd2 Nf4+ 40. Kf2 Nxh3+ 41. Ke3 Ng5 42. Qd8+ Kg7 43. Bb3 Qf6 44. Qd3 Qxf3+ 0-1

[Event "Turkish Youth Championships 2023"]
[Site "Samsun"]
[Date "2023.05.25"]
[Round "9.18"]
[White "Duygulu, Ugur"]
[Black "Kurtyilmaz, Kuzey"]
[Result "0-1"]
[WhiteElo "1161"]
[BlackElo "1608"]
[PlyCount "94"]
[EventDate "2023.05.19"]
[EventType "swiss"]
[EventCountry "TUR"]
[TimeControl "5400+30"]
[WhiteClock "0:13:15"]

1. e4 e5 2. Nf3 Nc6 3. Nc3 Nf6 4. Be2 d5 5. exd5 Nxd5 6. O-O Nxc3 7. bxc3 e4 8. Ne1 Bd6 9. d3 Bf5 10. dxe4 Bxe4 11. Bd3 O-O 12. Nf3 Bg6 13. Rb1 b6 14. Bxg6 hxg6 15. Bg5 Qd7 16. Re1 Qf5 17. Qd3 Qxd3 18. cxd3 f6 19. Bh4 Rad8 20. d4 Na5 21. Nd2 Kf7 22. f3 Bf4 23. Ne4 Nc4 24. Bg3 g5 25. h4 Bxg3 26. Nxg3 gxh4 27. Nf5 Rfe8 28. Nxh4 Rd5 29. g4 Ra5 30. Rxe8 Kxe8 31. Re1+ Kf8 32. Re2 Ra3 33. Ng6+ Kf7 34. Ne7 Rxc3 35. Nd5 Rc1+ 36. Kg2 c6 37. Nb4 Na3 38. Kg3 a5 39. Na6 Rc2 40. Re3 Nb5 41. d5 cxd5 42. Rb3 Nd4 43. Rxb6 Rxa2 44. Rd6 Rd2 45. Nc5 Rc2 46. Rxd5 Ne2+ 47. Kh4 g5+ 0-1